[Event "*** SCC Grand Prix: Titled Tuesday Blitz"]
[Site "Chess.com"]
[Date "2020.08.25"]
[Round "1"]
[White "Roza_Idrisova"]
[Black "Mr_Sinigami"]
[Result "0-1"]
[WhiteElo "2210"]
[BlackElo "2534"]
[TimeControl "180+1"]
[EndTime "10:06:26 PDT"]
[Termination "Mr_Sinigami won by resignation"]

1. d4 Nf6 2. Nf3 g6 3. c4 Bg7 4. Nc3 O-O 5. e4 d6 6. Be2 e5 7. O-O Nc6 8. d5 Ne7 9. b4 a5 10. bxa5 Rxa5 11. a4 Nd7 12. Ba3 Bh6 13. Bb4 Ra6 14.
a5 f5 15. Nb5 fxe4 16. Nd2 e3 17. Ne4 exf2+ 18. Kh1 Nf5 19. c5 Qh4 20. Bf3 Bf4 21.
g3 Nxg3+ 22. Nxg3 Bxg3 23. Rxf2 Bxf2 24. cxd6 Qxb4 25. Nxc7 Rxa5 26. Rb1 Qf4 27. Bg2 Nc5 28. Ne6 Nxe6 29. dxe6 Bxe6 30. d7 Bd4 31. Qe1 Ra2 32.
Qg3 Qxg3 33. hxg3 Rxg2 34. Kxg2 Bxd7 0-1

[Event "*** SCC Grand Prix: Titled Tuesday Blitz"]
[Site "Chess.com"]
[Date "2020.08.25"]
[Round "1"]
[White "Supernotar"]
[Black "Irishchessman16"]
[Result "1-0"]
[WhiteElo "2713"]
[BlackElo "2373"]
[TimeControl "180+1"]
[EndTime "10:06:29 PDT"]
[Termination "Supernotar won by resignation"]

1. d4 f5 2. c4 Nf6 3. Nf3 g6 4. g3 Bg7 5. Bg2 O-O 6. O-O d6 7. Nc3 c6 8. d5 e5 9. dxe6 Bxe6 10. b3 Na6 11. Bb2 Ne4 12. Nd4 Nxc3 13. Bxc3 Re8 14. Nxe6 Rxe6 15. Bxg7 Kxg7 16. e3 Qf6 17. Qd2 Nc5 18.
Rad1 Qe7 19. Qc3+ Qf6 20. Qa5 Qd8 21. Qa3 a5 22. Rd4 Qb6 23. Rfd1 Rd8 24. h4 Qb4 25. Qb2 Kg8 26. h5 a4 27. hxg6 hxg6 28. Rh4 Re5 29. Rxd6 Rxd6 30. Qxe5 Ne6 31. Qh8+ Kf7 32. Rh7+ 1-0

[Event "*** SCC Grand Prix: Titled Tuesday Blitz"]
[Site "Chess.com"]
[Date "2020.08.25"]
[Round "1"]
[White "AwareIdea"]
[Black "Phenix2k"]
[Result "0-1"]
[WhiteElo "2472"]
[BlackElo "2101"]
[TimeControl "180+1"]
[EndTime "10:06:30 PDT"]
[Termination "Phenix2k won by resignation"]

1. d4 Nf6 2. Nf3 g6 3. c4 Bg7 4.
e3 O-O 5. Be2 d5 6. O-O dxc4 7.
Bxc4 c5 8. dxc5 Qa5 9. Qc2 Bf5 10. Qb3 Nbd7 11. Bd2 Qxc5 12. Rc1 Qb6 13. Nc3 Qxb3 14. Bxb3 Nc5 15. Nd4 Nd3 16. Nxf5 gxf5 17. Rc2 e6 18. f3 Rfd8 19. Kf1 Nb4 20. Ke2 Nxc2 21. Bxc2 Nd5 22. Nxd5 Rxd5 23. e4 Rb5 24. exf5 Rxb2 25. Rc1 Rc8 26. Kd1 exf5 27. g3 Rd8 28. Ke2 Rc8 29. Kd1 Rxa2 30. g4 b5 31. h4 a5 32. gxf5 Bf6 33. Bg5 Rcxc2 34. Rxc2 Rxc2 35. Kxc2 Bxg5 36. hxg5 b4 37. Kb3 Kf8 38. f6 Ke8 39. f4 Kd7 40. f5 Kd6 0-1

[Event "*** SCC Grand Prix: Titled Tuesday Blitz"]
[Site "Chess.com"]
[Date "2020.08.25"]
[Round "1"]
[White "Arseniy_Nesterov"]
[Black "Logman74"]
[Result "1-0"]
[WhiteElo "2749"]
[BlackElo "2393"]
[TimeControl "180+1"]
[EndTime "10:06:31 PDT"]
[Termination "Arseniy_Nesterov won on time"]

1. d4 Nf6 2. c4 e6 3. Nf3 Bb4+ 4. Nbd2 O-O 5. a3 Be7 6. e4 d6 7. Bd3 Nc6 8. O-O e5 9. d5 Nb8 10. b4 Bg4 11. h3 Bxf3 12. Nxf3 Nbd7 13. Bb2 a5 14. c5 dxc5 15. bxa5 Bd6 16. Bc3 c4 17. Bc2 Nc5 18. Qe2 Re8 19. Qxc4 Nh5 20. g3 Qd7 21. Kg2 g6 22. Rab1 Qe7 23. Rb5 c6 24. dxc6 bxc6 25.
Rb6 Rec8 26. Rd1 Ne6 27. Rxc6 Rxc6 28. Qxc6 Rd8 29. Nxe5 Bxe5 30. Bxe5 Rxd1 31. Bxd1 Qg5 32. Qe8+ Nf8 33. Bxh5 gxh5 34. Bd6 1-0

[Event "*** SCC Grand Prix: Titled Tuesday Blitz"]
[Site "Chess.com"]
[Date "2020.08.25"]
[Round "1"]
[White "tdf98pantani"]
[Black "hongnhung1234"]
[Result "1-0"]
[WhiteElo "2677"]
[BlackElo "2347"]
[TimeControl "180+1"]
[EndTime "10:06:31 PDT"]
[Termination "tdf98pantani won by resignation"]

1. d4 Nf6 2. c4 c5 3. Nf3 cxd4 4. Nxd4 e5 5. Nb5 d5 6. cxd5 Bc5 7. N5c3 O-O 8. g3 e4 9. Bg2 Bf5 10. O-O Qe7 11. a3 Rd8 12. b4 Bb6 13. Bb2 Na6 14.
Qb3 Rd7 15. e3 Rad8 16. Nd2 Nc7 17. Rad1 Ncxd5 18. Nxd5 Nxd5 19. Nc4 Bc7 20. b5 Qe6 21.
Rd4 Nb6 22. Rxd7 Qxd7 23. Qc3 f6 24. Nxb6 Bxb6 25. Rc1 Qd3 26. h3 Qxc3 27. Bxc3 Rd3 28. g4 Bg6 29. Bb4 Be8 30. Bxe4 Rxe3 31. Bd5+ Kh8 32. Rc8 Re1+ 33. Bxe1 1-0

[Event "*** SCC Grand Prix: Titled Tuesday Blitz"]
[Site "Chess.com"]
[Date "2020.08.25"]
[Round "1"]
[White "chessdjw"]
[Black "GaboSalazar2001"]
[Result "1-0"]
[WhiteElo "2592"]
[BlackElo "2268"]
[TimeControl "180+1"]
[EndTime "10:06:31 PDT"]
[Termination "chessdjw won by resignation"]

1. d4 Nf6 2. c4 c5 3. d5 b5 4. cxb5 a6 5. bxa6 g6 6. Nc3 Bg7 7. Nf3 O-O 8. a7 Rxa7 9. e4 e6 10.
Be2 exd5 11. exd5 d6 12. O-O Na6 13. Nb5 Re7 14. Bf4 Ne4 15. Rb1 Nc7 16. a4 Bb7 17. Bc4 Nxb5 18. axb5 Qc7 19. Re1 Rfe8 20. Qc2 Bc8 21. h3 Bf5 22. Nh4 Nd2 23. Rxe7 Bxc2 24. Rxe8+ Bf8 25. Bh6 Qe7 26. Rxe7 Bxe7 27. Re1 1-0

[Event "*** SCC Grand Prix: Titled Tuesday Blitz"]
[Site "Chess.com"]
[Date "2020.08.25"]
[Round "1"]
[White "ENajer77"]
[Black "narutosmith"]
[Result "1-0"]
[WhiteElo "2610"]
[BlackElo "2277"]
[TimeControl "180+1"]
[EndTime "10:06:32 PDT"]
[Termination "ENajer77 won by checkmate"]

1. e4 c5 2. Nf3 e6 3. d4 cxd4 4. Nxd4 Nc6 5. Nc3 Qc7 6. Be3 a6 7. Bd3 b5 8. O-O Bb7 9. Nb3 Nf6 10. f4 d6 11. Qe2 Be7 12. a4 b4 13. Nb1 O-O 14. a5 Nd7 15. N1d2 Nc5 16. Nxc5 dxc5 17. Nc4 Nd4 18. Qf2 Rad8 19. Rad1 Bc6 20. Ne5 Bb5 21. Bxb5 axb5 22. Bxd4 cxd4 23. Ra1 d3 24. Nxd3 b3 25. Rfc1 Qc4 26. Ne5 Qxe4 27. cxb3 f6 28. Nc6 Rd7 29. Nxe7+ Rxe7 30. a6 Ra8 31. Qb6 Qxf4 32. a7 Rexa7 33. Qxe6+ Kh8 34. Rc8+ Rxc8 35. Qxc8# 1-0

[Event "*** SCC Grand Prix: Titled Tuesday Blitz"]
[Site "Chess.com"]
[Date "2020.08.25"]
[Round "1"]
[White "checkitas"]
[Black "WPWPWP-2015"]
[Result "0-1"]
[WhiteElo "1871"]
[BlackElo "2463"]
[TimeControl "180+1"]
[EndTime "10:06:32 PDT"]
[Termination "WPWPWP-2015 won by resignation"]

1. d4 Nf6 2. c4 e6 3. Nf3 b6 4. g3 Ba6 5. b3 Bb4+ 6. Bd2 Be7 7.
Nc3 Bb7 8. Bg2 O-O 9. O-O d6 10. Qc2 c5 11. e3 Nbd7 12. Rad1 Rc8 13. Rfe1 Qc7 14. d5 exd5 15. cxd5 Nxd5 16. Nxd5 Bxd5 17. Bc3 Be6 18. e4 Ne5 19. Nxe5 dxe5 20. f4 exf4 21.
Qf2 fxg3 22. hxg3 Rcd8 23. Kh2 Rxd1 24. Rxd1 Rd8 25. Rf1 Bd6 26. Qe3 Be5 27. Bxe5 Qxe5 28. Rf4 h6 29. Rf2 h5 30. Rf1 h4 31. Rg1 Qxg3+ 32. Qxg3 hxg3+ 33. Kxg3 Rd2 34. Bf3 Kf8 35. Rh1 Rxa2 36. Rh8+ Ke7 0-1

[Event "*** SCC Grand Prix: Titled Tuesday Blitz"]
[Site "Chess.com"]
[Date "2020.08.25"]
[Round "1"]
[White "Rytenko_V"]
[Black "Margarita2907"]
[Result "1-0"]
[WhiteElo "2493"]
[BlackElo "2088"]
[TimeControl "180+1"]
[EndTime "10:06:33 PDT"]
[Termination "Rytenko_V won on time"]

1. e4 c5 2. Nf3 d6 3. d4 cxd4 4. Nxd4 Nf6 5. Nc3 a6 6. Be3 e5 7.
Nb3 Be7 8. Be2 Be6 9. O-O O-O 10. f4 exf4 11. Bxf4 Nc6 12. Kh1 Ne5 13. Nd4 Qd7 14. Qd2 Rfd8 15. Bg5 h6 16. Bh4 Nxe4 17. Nxe4 Bxh4 18. Qf4 Be7 19. Ng3 Rac8 20. c3 b5 21.
Ngf5 Bg5 22. Qg3 Bc4 23. h4 Bf6 24. Nxh6+ Kh8 25. Nhf5 Bxe2 26. Nxe2 Rc4 27. Ned4 b4 28. Ne3 Rcc8 29. Nd5 Ng4 30. Rf4 Be5 31. Qxg4 Bxf4 32.
Qxf4 Kh7 33. Nxb4 Rh8 34. Nd5 Kg8 35. Re1 Re8 36. Rxe8+ Qxe8 37. Kh2 Qd8 38. g3 g5 39. Nf6+ Kf8 40. Qxg5 1-0

[Event "*** SCC Grand Prix: Titled Tuesday Blitz"]
[Site "Chess.com"]
[Date "2020.08.25"]
[Round "1"]
[White "parintele_chess"]
[Black "IroniaSudby"]
[Result "0-1"]
[WhiteElo "2144"]
[BlackElo "2508"]
[TimeControl "180+1"]
[EndTime "10:06:34 PDT"]
[Termination "IroniaSudby won by resignation"]

1. d4 Nf6 2. c4 c5 3. d5 b5 4. cxb5 e6 5. Nc3 exd5 6. Nxd5 Bb7 7. e4 Be7 8. Bf4 O-O 9. Bc7 Qe8 10. Bd3 Nxd5 11. exd5 Bd6+ 12. Ne2 Bxc7 13. d6 Bxd6 14. Bxh7+ Kxh7 15. Qxd6 Qe4 16. Qxf8 Na6 17. Qxa8 Bxa8 18.
bxa6 Qb4+ 19. Kf1 Qxb2 20. Rd1 Bc6 21. f3 Qxa2 22. Kf2 Qxa6 23. Ra1 Qb7 24. Rhb1 Qc7 25. Rc1 d6 26. Rc4 Qb6 27. Re1 d5 28. Rh4+ Kg8 29.
Ng3 c4+ 30. Kf1 c3 31. Nf5 Bb5+ 32. Re2 Bxe2+ 33. Kxe2 Qb2+ 34. Kf1 Qb1+ 35. Kf2 Qxf5 0-1

[Event "*** SCC Grand Prix: Titled Tuesday Blitz"]
[Site "Chess.com"]
[Date "2020.08.25"]
[Round "1"]
[White "Siemba"]
[Black "chesstatour"]
[Result "1-0"]
[WhiteElo "2459"]
[BlackElo "1872"]
[TimeControl "180+1"]
[EndTime "10:06:37 PDT"]
[Termination "Siemba won by resignation"]

1. e4 c6 2. d4 d5 3. e5 c5 4. c4 dxc4 5. d5 e6 6. d6 f6 7. Bf4 Nc6 8. Nf3 fxe5 9. Nxe5 Nxe5 10. Bxe5 Nf6 11. Bxc4 Bd7 12. O-O g6 13. Qb3 Kf7 14. Nd2 Bg7 15. Nf3 h6 16. Bg3 Nh5 17.
Ne5+ Bxe5 18. Bxe5 Re8 19. Qxb7 Qc8 20. Qf3+ Kg8 21.
Qg4 Kf7 22. f4 Ng7 23. f5 Nxf5 24. Rxf5+ 1-0

[Event "*** SCC Grand Prix: Titled Tuesday Blitz"]
[Site "Chess.com"]
[Date "2020.08.25"]
[Round "1"]
[White "Revnov"]
[Black "jerry_77"]
[Result "1-0"]
[WhiteElo "2700"]
[BlackElo "2363"]
[TimeControl "180+1"]
[EndTime "10:06:40 PDT"]
[Termination "Revnov won by resignation"]

1. e4 c6 2. Nf3 d5 3. exd5 cxd5 4. d4 Nc6 5. Bb5 Nf6 6. Ne5 Bd7 7. Bxc6 bxc6 8. O-O g6 9. c4 Bg7 10. Nc3 O-O 11. c5 Ne8 12. Re1 Nc7 13. h4 h5 14.
Qa4 Ne6 15. Bd2 Rb8 16. Rab1 Be8 17. Nxg6 fxg6 18. Rxe6 Qd7 19. Rbe1 Rxb2 20. Qd1 Bf6 21. Bc1 Rb4 22. Rxf6 exf6 23. Bh6 Rf7 24. Qe2 Rb8 25.
Nd1 Rh7 26. Bf4 Rd8 27. Bd6 Bf7 28. Ne3 Re8 29. Qf3 Kg7 30. Qg3 Re4 31. Rd1 Rh8 32. a4 Rhe8 33. a5 Be6 34. a6 Bg4 35. Rb1 Rxe3 36. fxe3 Qf5 37. Rb7+ Kh8 38. Rxa7 Qe4 39. Rc7 Rb8 40. Rb7 Ra8 41. a7 Qe8 42. Rb8 Bf5 43.
Rxe8+ 1-0

[Event "*** SCC Grand Prix: Titled Tuesday Blitz"]
[Site "Chess.com"]
[Date "2020.08.25"]
[Round "1"]
[White "GregShahade"]
[Black "Mikasinski"]
[Result "1-0"]
[WhiteElo "2684"]
[BlackElo "2350"]
[TimeControl "180+1"]
[EndTime "10:06:40 PDT"]
[Termination "GregShahade won on time"]

1. e4 c5 2. Nf3 d6 3. d4 cxd4 4.
Nxd4 Nf6 5. Nc3 g6 6. Be3 Bg7 7. f3 O-O 8. Qd2 Nc6 9. O-O-O Bd7 10. g4 Rc8 11. Kb1 Ne5 12. Be2 Qa5 13. Nb3 Qc7 14. g5 Nh5 15. Nd5 Qd8 16. Bxa7 Be6 17. Bb6 Qd7 18. Bd4 Bxd5 19. exd5 Qf5 20. Rhf1 Nf4 21. h4 Nxd5 22. f4 Nc4 23. Bxc4 Rxc4 24. Bxg7 Kxg7 25.
Qxd5 Qxc2+ 26. Ka1 Ra4 27. Rd4 Rxa2+ 28. Kxa2 Ra8+ 29.
Na5 b6 30. Ra4 1-0

[Event "*** SCC Grand Prix: Titled Tuesday Blitz"]
[Site "Chess.com"]
[Date "2020.08.25"]
[Round "1"]
[White "Dinamo3"]
[Black "Falcon28dz"]
[Result "1-0"]
[WhiteElo "2476"]
[BlackElo "2035"]
[TimeControl "180+1"]
[EndTime "10:06:40 PDT"]
[Termination "Dinamo3 won by resignation"]

1. e4 e6 2. d3 d5 3. Nd2 Nf6 4.
Ngf3 Nc6 5. g3 Bc5 6. Bg2 O-O 7. O-O dxe4 8. dxe4 e5 9. h3 a5 10.
c3 Qe7 11. Qc2 b6 12. Re1 Ba6 13. Bf1 Bxf1 14. Nxf1 Rad8 15. a3 Qe6 16. b4 Be7 17.
Kg2 Rd7 18. Ne3 h6 19. b5 Nb8 20. c4 c6 21. Bb2 Bd6 22. Nf5 Bc7 23. Rac1 Rfd8 24.
a4 Kh7 25. c5 bxc5 26. Qxc5 Nxe4 27. Rxe4 Qxf5 28. Rf4 Qe6 29. Bxe5 Rd5 30. Qc2+ g6 31. Bxc7 R8d7 32. Bxb8 1-0

[Event "*** SCC Grand Prix: Titled Tuesday Blitz"]
[Site "Chess.com"]
[Date "2020.08.25"]
[Round "1"]
[White "ChessicallyInclined"]
[Black "GAusal"]
[Result "1-0"]
[WhiteElo "2510"]
[BlackElo "2152"]
[TimeControl "180+1"]
[EndTime "10:06:42 PDT"]
[Termination "ChessicallyInclined won on time"]

1. d4 d6 2. e4 e5 3. Nf3 Be7 4.
dxe5 dxe5 5. Qxd8+ Bxd8 6. Nxe5 Nd7 7. Nxd7 Bxd7 8. Bf4 c6 9. Nd2 Nf6 10. f3 O-O 11.
O-O-O Re8 12. Nc4 b5 13. Nd6 Bc7 14. Kb1 Red8 15. c4 Ne8 16. c5 f6 17. Be2 Be6 18.
Bg3 Nxd6 19. cxd6 Bb6 20. Rc1 Bd7 21. Rhd1 a5 22. f4 Rac8 23. Bf3 Be3 24. Rc3 Bb6 25. e5 a4 26. Rdc1 Bf5+ 27. Ka1 Bd4 28. Rxc6 Rxc6 29.
Rxc6 a3 30. Rc3 axb2+ 31. Kxb2 b4 32. Bd5+ Kf8 33. Be1 bxc3+ 34. Bxc3 Bxc3+ 35. Kxc3 fxe5 36. fxe5 Re8 37. Kd4 1-0

[Event "*** SCC Grand Prix: Titled Tuesday Blitz"]
[Site "Chess.com"]
[Date "2020.08.25"]
[Round "1"]
[White "PawnEatingZombie"]
[Black "Sashadav97"]
[Result "0-1"]
[WhiteElo "2218"]
[BlackElo "2551"]
[TimeControl "180+1"]
[EndTime "10:06:43 PDT"]
[Termination "Sashadav97 won on time"]

1. d4 d5 2. c4 e6 3. Nc3 Nf6 4. cxd5 exd5 5. Bg5 c6 6. e3 Bd6 7. Bd3 O-O 8. Qc2 h6 9. Bh4 Re8 10. Nge2 a5 11. h3 Na6 12. a3 Nc7 13. O-O Ne6 14. Kh1 Bd7 15. f3 c5 16. Nb5 Be7 17. dxc5 Nxc5 18.
Ned4 Nxd3 19. Qxd3 Qb6 20. Rac1 Rac8 21. Bg3 Bc6 22.
Rfe1 Bc5 23. Nd6 Bxd6 24. Bxd6 Rcd8 25. Bh2 Qxb2 26. Nxc6 bxc6 27. Rxc6 Rc8 28. Rxc8 Rxc8 29. Re2 Rc1+ 30. Bg1 Qa1 0-1

[Event "*** SCC Grand Prix: Titled Tuesday Blitz"]
[Site "Chess.com"]
[Date "2020.08.25"]
[Round "1"]
[White "Mischuk_D"]
[Black "tk22h"]
[Result "1-0"]
[WhiteElo "2622"]
[BlackElo "2288"]
[TimeControl "180+1"]
[EndTime "10:06:44 PDT"]
[Termination "Mischuk_D won by resignation"]

1. d4 Nf6 2. c4 g6 3. Nc3 d5 4.
Bg5 Ne4 5. Bf4 Nxc3 6. bxc3 c5 7. cxd5 Qxd5 8. e3 Bg7 9. Nf3 cxd4 10. cxd4 Nc6 11. Be2 Qa5+ 12. Qd2 Qxd2+ 13. Kxd2 O-O 14.
Rac1 Rd8 15. Ke1 Bg4 16. h3 Bxf3 17. Bxf3 e5 18. dxe5 Nxe5 19. Be4 Nd3+ 20. Bxd3 Rxd3 21. Ke2 Rad8 22. Rc2 h6 23. h4 Ra3 24. g4 b6 25. h5 g5 26. Bg3 Ra4 27. Kf3 Bf6 28. Rb1 Kg7 29. Rb5 Rd3 30. Rf5 Ra5 31. Rxa5 bxa5 32. a4 Ra3 33. Rc4 Be7 34. Be5+ f6 35. Bc3 Bd8 36. Bd4 Bb6 37. Bxb6 axb6 38. Ke4 Ra2 39. f4 Ra3 40. Rc7+ Kf8 41. Rc6 Rxa4+ 42. Kf5 gxf4 43. exf4 Rb4 44. Rxf6+ Ke7 45. Rxh6 a4 46. Rh7+ Kd6 47. Ra7 b5 48. h6 Rb1 49. g5 Kc5 50. g6 Rg1 51. h7 Rh1 52. Ra8 b4 53. Rxa4 1-0

[Event "*** SCC Grand Prix: Titled Tuesday Blitz"]
[Site "Chess.com"]
[Date "2020.08.25"]
[Round "1"]
[White "Rap_woyska"]
[Black "Aleksey_Sorokin"]
[Result "0-1"]
[WhiteElo "2381"]
[BlackElo "2720"]
[TimeControl "180+1"]
[EndTime "10:06:46 PDT"]
[Termination "Aleksey_Sorokin won by resignation"]

1. c4 Nf6 2. Nf3 g6 3. Nc3 d5 4. cxd5 Nxd5 5. g3 Bg7 6. h4 Nc6 7. Bg2 Bf5 8. Nxd5 Qxd5 9. O-O Qd7 10. d3 O-O 11. a3 a5 12. Qc2 Rab8 13. Be3 Bh3 14. Rab1 Bxg2 15. Kxg2 Rfc8 16. Rfc1 Nd8 17. b4 axb4 18. axb4 b5 19. Nd2 c6 20. Ne4 Ne6 21. h5 Ra8 22. hxg6 hxg6 23. Nc5 Qd5+ 24. f3 Ra2 25. Qd1 Bd4 26. Nxe6 Bxe3 27. Nf4 Qd6 28.
Rc2 Rxc2 29. Qxc2 Bxf4 30. gxf4 Qxf4 31. Qc5 Kg7 32. Ra1 Rh8 33. Rh1 Rxh1 34. Kxh1 Qd6 35. Qc3+ Qf6 36. Qc5 Qe6 37. e4 Qh3+ 38. Kg1 Qg3+ 39. Kf1 Qxf3+ 40. Ke1 Qxd3 41. Qxe7 Qc4 42. e5 Qe6 43. Qc5 f6 44. Qa7+ Kh6 45. Qe3+ g5 0-1

[Event "*** SCC Grand Prix: Titled Tuesday Blitz"]
[Site "Chess.com"]
[Date "2020.08.25"]
[Round "1"]
[White "KarpovVadim"]
[Black "seorobert1971"]
[Result "1/2-1/2"]
[WhiteElo "2316"]
[BlackElo "2640"]
[TimeControl "180+1"]
[EndTime "10:06:46 PDT"]
[Termination "Game drawn by repetition"]

1. Nf3 Nf6 2. c3 d5 3. d4 c6 4. Bf4 Bf5 5. e3 e6 6. Bd3 Bxd3 7. Qxd3 Nbd7 8. Nbd2 Be7 9. O-O O-O 10. e4 dxe4 11. Nxe4 Nxe4 12. Qe3 Qb6 13. Qxe4 Nf6 14. Qc2 c5 15. Rad1 Rac8 16. Be5 Rfd8 17. Qb3 Qxb3 18. axb3 a6 19. dxc5 Bxc5 20. Bxf6 gxf6 21. Rfe1 Kf8 22.
Kf1 Ke7 23. b4 Bd6 24. Ke2 Bb8 25. g3 Rc4 26. Rxd8 Kxd8 27. Rd1+ Ke7 28. Nd4 Ba7 29. Nb3 Bb6 30. f3 f5 31. Kd3 Rc8 32. Ke2 h5 33. Nd2 Rg8 34. Nc4 Bc7 35. Na5 Bxa5 36. bxa5 h4 37.
Kf2 hxg3+ 38. hxg3 Rh8 39. Kg2 Rc8 40. Rd4 Rc5 41.
Ra4 Rb5 42. b4 Rd5 43. Kf2 Rd3 44. Ra3 e5 45. Ke2 e4 46. fxe4 fxe4 47. Kf2 f5 48.
Rb3 Rd5 49. c4 Rd4 50. b5 Rxc4 51. bxa6 bxa6 52. Rb6 Rc2+ 53. Ke3 Rc3+ 54. Kf2 Rf3+ 55. Kg2 Ra3 56. Rxa6 Ra2+ 57. Kf1 Kf7 58. Kg1 Kg7 59. Kf1 Kf7 60. Kg1 Ra3 61. Kf2 Ra1 62. Kg2 Ra2+ 63. Kg1 1/2-1/2

[Event "*** SCC Grand Prix: Titled Tuesday Blitz"]
[Site "Chess.com"]
[Date "2020.08.25"]
[Round "1"]
[White "annacramling"]
[Black "stolencandy13"]
[Result "0-1"]
[WhiteElo "2135"]
[BlackElo "2506"]
[TimeControl "180+1"]
[EndTime "10:06:47 PDT"]
[Termination "stolencandy13 won by resignation"]

1. d4 Nf6 2. c4 e5 3. dxe5 Ng4 4. Bf4 Nc6 5. Nf3 Bb4+ 6. Nbd2 Qe7 7. e3 Ngxe5 8.
Nxe5 Nxe5 9. Be2 d6 10. O-O O-O 11. Nf3 Bc5 12. a3 a5 13. Qc2 Ng6 14. Bg3 Bd7 15.
Rfd1 Bc6 16. Nd4 Be4 17. Bd3 Bxd3 18. Qxd3 Ne5 19. Qc2 Bxd4 20. e4 c5 21. Kh1 a4 22.
f4 Ng4 23. Qd3 Rfe8 24. Re1 Bf2 25. Re2 Bxg3 26. Qxg3 Nf6 27. e5 Nh5 28. Qg4 g6 29. Rae1 Ng7 30. Qf3 Qc7 31. exd6 Rxe2 32. Rxe2 Qxd6 33.
h3 Nf5 34. Kh2 Nd4 35. Qxb7 Rb8 36. Qe4 Nxe2 37. Qxe2 Qxf4+ 38. g3 Qd4 39. Kg2 Rxb2 0-1

[Event "*** SCC Grand Prix: Titled Tuesday Blitz"]
[Site "Chess.com"]
[Date "2020.08.25"]
[Round "1"]
[White "Balla_Tamas"]
[Black "Alexander_Zubov"]
[Result "0-1"]
[WhiteElo "2447"]
[BlackElo "2943"]
[TimeControl "180+1"]
[EndTime "10:06:48 PDT"]
[Termination "Alexander_Zubov won by resignation"]

1. e4 c5 2. d3 d6 3. g3 Nc6 4.
Bg2 g6 5. f4 Bg7 6. Nf3 e5 7.
O-O Nge7 8. c3 O-O 9. Be3 b6 10. Na3 h6 11. d4 exd4 12. cxd4 Bg4 13. Nc2 d5 14. e5 c4 15. b3 Rc8 16. h3 Bf5 17. Rc1 b5 18. g4 Bd3 19. Rf2 Qd7 20. Nce1 Be4 21. Nd2 Bxg2 22. Nxg2 f5 23. exf6 Bxf6 24.
Nf3 Nb4 25. Nge1 Qe6 26. Ne5 Bxe5 27. dxe5 Rfd8 28. Bd4 Kh7 29. a3 Nbc6 30. b4 Nxd4 31.
Qxd4 Nc6 32. Qc5 d4 33. Qxb5 d3 34. Nf3 Nd4 35. Nxd4 Rxd4 36. f5 gxf5 37. gxf5 Qd5 38. Qxd5 Rxd5 39. f6 d2 40. Rd1 c3 41. f7 c2 0-1

[Event "*** SCC Grand Prix: Titled Tuesday Blitz"]
[Site "Chess.com"]
[Date "2020.08.25"]
[Round "1"]
[White "BJthechessgod"]
[Black "Artem_Sadovsky"]
[Result "0-1"]
[WhiteElo "2218"]
[BlackElo "2552"]
[TimeControl "180+1"]
[EndTime "10:06:48 PDT"]
[Termination "Artem_Sadovsky won by checkmate"]

1. e4 c6 2. d4 d5 3. Nc3 dxe4 4.
Nxe4 Bf5 5. Ng3 Bg6 6. h4 h6 7.
h5 Bh7 8. Nf3 Nd7 9. Bd3 Bxd3 10. Qxd3 e6 11. Bf4 Ngf6 12. O-O-O Qa5 13. Kb1 O-O-O 14.
Ne5 Nxe5 15. Bxe5 Ng4 16. Qe2 Nxe5 17. dxe5 Be7 18. f4 Rd5 19. Rxd5 cxd5 20. Rd1 Kb8 21. f5 Rc8 22. fxe6 fxe6 23. Qg4 Qb6 24. Qd4 Bc5 25. Qa4 Qc7 26. Qf4 Be3 27. Qa4 Qxe5 28. Ne2 Qxh5 29. Nc3 Rxc3 30. bxc3 Qxd1+ 31. Kb2 Qc1+ 32. Kb3 Qb1+ 33.
Ka3 Bc5+ 34. Qb4 Bxb4+ 35. cxb4 Qxc2 36. g4 b5 37. g5 Qc3# 0-1

[Event "*** SCC Grand Prix: Titled Tuesday Blitz"]
[Site "Chess.com"]
[Date "2020.08.25"]
[Round "1"]
[White "Khazieva_Elza"]
[Black "Jumbo"]
[Result "1-0"]
[WhiteElo "2422"]
[BlackElo "2789"]
[TimeControl "180+1"]
[EndTime "10:06:49 PDT"]
[Termination "Khazieva_Elza won on time"]

1. e4 c5 2. Nf3 d6 3. d3 g6 4. g3 Bg7 5. Bg2 Nc6 6. O-O Nf6 7.
Re1 O-O 8. e5 Nd5 9. exd6 Qxd6 10.
Nbd2 Qc7 11. Nc4 Rd8 12. a4 b6 13. Qe2 Bb7 14. Nfe5 Nd4 15. Qd1 f6 16. Nf3 e5 17.
c3 Nc6 18. Qb3 Kh8 19. Ne3 Na5 20. Qc2 Ne7 21. Nd2 Bxg2 22. Kxg2 Qd7 23. Ndc4 Nxc4 24.
dxc4 f5 25. a5 Qc6+ 26. Kg1 1-0

[Event "*** SCC Grand Prix: Titled Tuesday Blitz"]
[Site "Chess.com"]
[Date "2020.08.25"]
[Round "1"]
[White "Alexsur1981"]
[Black "Misticpikachu"]
[Result "1-0"]
[WhiteElo "2644"]
[BlackElo "2306"]
[TimeControl "180+1"]
[EndTime "10:06:49 PDT"]
[Termination "Alexsur1981 won by resignation"]

1. e4 c5 2. Nc3 e6 3. Nf3 Nc6 4. Bb5 Nd4 5. O-O Nxb5 6. Nxb5 a6 7. Nc3 Ne7 8. d4 cxd4 9. Nxd4 Nc6 10. Nxc6 dxc6 11. Qxd8+ Kxd8 12. e5 Bd7 13. Ne4 Kc7 14. Be3 b6 15. Rad1 c5 16. Rd2 Bc6 17. Ng5 Be8 18. Rfd1 Be7 19. Nxf7 Rf8 20. Ng5 Bxg5 21. Bxg5 Bc6 22. f3 Bd5 23. b3 b5 24. Be7 Rf5 25. Bxc5 Kc6 26. Bd6 Rc8 27. c4 bxc4 28. bxc4 Bxc4 29. Rc1 Kd7 30. Rdc2 Rf4 31. Kf2 Rd4 32.
Kg3 g5 33. a3 h5 34. Rc3 a5 35. R1c2 a4 36. h3 Kd8 37. Bf8 Kd7 38. Bh6 g4 39.
Be3 gxf3 40. Bxd4 fxg2 41. Rxc4 Rxc4 42. Rxc4 g1=Q+ 43. Bxg1 1-0

[Event "*** SCC Grand Prix: Titled Tuesday Blitz"]
[Site "Chess.com"]
[Date "2020.08.25"]
[Round "1"]
[White "mapleaff"]
[Black "vinniethepooh"]
[Result "0-1"]
[WhiteElo "2347"]
[BlackElo "2677"]
[TimeControl "180+1"]
[EndTime "10:06:50 PDT"]
[Termination "vinniethepooh won by checkmate"]

1. d4 Nf6 2. c4 e6 3. g3 d5 4.
Bg2 a6 5. Qc2 Nc6 6. Nf3 Bb4+ 7.
Bd2 O-O 8. O-O Be7 9. Na3 Ne4 10. Be3 f5 11. Rac1 Kh8 12. Rfd1 Bd7 13. Nd2 Be8 14. f3 Nxd2 15. Rxd2 Nb4 16. Qb3 a5 17. cxd5 a4 18.
Qd1 Nxd5 19. Bf2 f4 20. Nc4 Bb4 21. Rdc2 Bg6 22. a3 Bxc2 23. Qxc2 Bd6 24. Bh3 Qf6 25. Qe4 fxg3 26. hxg3 Qh6 27. Kg2 Qxc1 28. Bxe6 Qxc4 29. Bxd5 Qb5 30. Ba2 Rae8 31. Qh4 Qxe2 32. Bb1 Qxf3+ 33. Kg1 Qxf2+ 34. Kh1 Re1# 0-1

[Event "*** SCC Grand Prix: Titled Tuesday Blitz"]
[Site "Chess.com"]
[Date "2020.08.25"]
[Round "1"]
[White "Morshynska"]
[Black "albi1999"]
[Result "0-1"]
[WhiteElo "2176"]
[BlackElo "2516"]
[TimeControl "180+1"]
[EndTime "10:06:50 PDT"]
[Termination "albi1999 won on time"]

1. e4 c6 2. d4 d5 3. Nd2 dxe4 4. Nxe4 Bf5 5. Ng3 Bg6 6. h4 h6 7.
Nf3 Nd7 8. Bd3 Bxd3 9. Qxd3 e6 10. Bf4 Bb4+ 11. c3 Be7 12. h5 Ngf6 13. O-O-O Qa5 14. Kb1 O-O-O 15. Qe2 Rhe8 16. Ne5 Nxe5 17. Bxe5 Qd5 18. Bxf6 Bxf6 19. Ne4 Be7 20. Ka1 Kb8 21. g4 e5 22.
f3 Qe6 23. Qh2 Bd6 24. dxe5 Bxe5 25. Qe2 Bf4 26. Rxd8+ Rxd8 27. Rd1 Rd5 28. c4 Rd7 29. Rxd7 Qxd7 30. Kb1 Qd4 31. a3 a6 32. c5 Qg1+ 33. Ka2 Qc1 34. Qd3 Bc7 35. b4 Qf4 36. Kb3 Qe5 37. a4 Kc8 38. a5 Qe6+ 39. Qc4 Kd7 40.
Kc3 Be5+ 41. Kd3 Qd5+ 42. Qxd5+ cxd5 43. Nd2 Kc6 44. Kc2 Bf4 45. Nb1 d4 0-1

[Event "*** SCC Grand Prix: Titled Tuesday Blitz"]
[Site "Chess.com"]
[Date "2020.08.25"]
[Round "1"]
[White "GoldenShare"]
[Black "Chamal_Gedgafov"]
[Result "1-0"]
[WhiteElo "2502"]
[BlackElo "2122"]
[TimeControl "180+1"]
[EndTime "10:06:50 PDT"]
[Termination "GoldenShare won on time"]

1. e4 e6 2. d4 d5 3. Bd3 c5 4.
exd5 exd5 5. Nf3 c4 6. Be2 Nf6 7. O-O Be7 8. b3 cxb3 9. axb3 O-O 10. c4 Nc6 11. Nc3 Bf5 12. Bf4 h6 13. h3 Rc8 14. c5 Ne4 15. Rc1 a6 16. Re1 Bf6 17. Na4 g5 18. Bh2 Bg7 19. Nb6 Re8 20. Nxc8 Qxc8 21.
Ne5 Nxe5 22. dxe5 Qd7 23. Qd4 Bg6 24. Red1 Rd8 25. Bg4 Qb5 26. b4 f6 27. exf6 Bxf6 28. Be5 Be7 29. Be6+ 1-0